[Event "Titled Tuesday Blitz June 27 Late 2023"]
[White "Rangel, Daniel"]
[Black "Lamard, Guillaume"]
[WhiteFideId "2124475"]
[BlackFideId "600261"]
[WhiteElo "2437"]
[BlackElo "2651"]
[Result "1/2-1/2"]
[Round "4"]
[TimeControl "180+2"]
[Date "2023.06.27"]
[WhiteClock "0:00:08"]
[BlackClock "0:00:10"]
[Board "81"]

1. c4 Nf6 2. g3 g6 3. Bg2 Bg7 4. Nc3 O-O 5. e3 c6 6. Nge2 d5 7. cxd5 cxd5 8. O-O Nc6 9. b3 b6 10. Bb2 Ba6 11. Re1 g5 12. a3 Ne5 13. Nd4 Nd3 14. Qe2 Qc8 15. Bf1 e5 16. Nf3 Nxe1 17. Qxe1 Bxf1 18. Qxf1 Qf5 19. Kg2 Rfd8 20. d4 e4 21. Ne5 Ng4 22. Nc6 Qf3+ 23. Kg1 Rd7 24. Nxd5 Kh8 25. Nc3 Rc8 26. Nb4 Nxe3 27. fxe3 Qxe3+ 28. Kh1 Rxc3 29. Bxc3 Qxc3 30. Rc1 Qxd4 31. Rc8+ Rd8 32. Rxd8+ Qxd8 33. Qxf7 e3 34. Qe6 Qd1+ 35. Kg2 Qe2+ 36. Kh3 g4+ 37. Kh4 Qxh2+ 38. Kxg4 Qe2+ 39. Kh3 Qf1+ 40. Kg4 e2 41. Nd3 h6 42. Qe8+ Kh7 43. Qe4+ Kg8 44. Qe8+ Bf8 45. Qe6+ Kg7 46. Qe5+ Kg8 47. Qe6+ Kg7 48. Qe5+ Kh7 49. Qe4+ Kg8 50. Qe6+ 1/2-1/2


[Site "https://www.chess.com"]

[Event "Titled Tuesday Blitz June 27 Late 2023"]
[White "Ashraf, Artin"]
[Black "Ai, Evan"]
[WhiteFideId "22514805"]
[BlackFideId "2094770"]
[WhiteElo "2649"]
[BlackElo "2430"]
[Result "1-0"]
[Round "4"]
[TimeControl "180+2"]
[Date "2023.06.27"]
[WhiteClock "0:01:42"]
[BlackClock "0:02:11"]
[Board "82"]

1. e4 e5 2. Nf3 Nc6 3. Bb5 a6 4. Ba4 Nf6 5. O-O Ke7 6. d4 b5 7. dxe5 Nxe4 8. Bb3 Ke8 9. Qd5 Qe7 10. Qxe4 Bb7 11. Nc3 Qc5 12. Be3 Qe7 13. Nd5 Qd8 14. Nf6+ gxf6 15. exf6+ Ne7 16. Qxb7 Nc6 17. Ng5 Rb8 18. Bxf7# 1-0


[Site "https://www.chess.com"]

[Event "Titled Tuesday Blitz June 27 Late 2023"]
[White "Guzman Moneo, Alberto"]
[Black "reevecanada"]
[WhiteFideId "2209616"]
[WhiteElo "2383"]
[BlackElo "2647"]
[Result "1-0"]
[Round "4"]
[TimeControl "180+2"]
[Date "2023.06.27"]
[WhiteClock "0:00:24"]
[BlackClock "0:00:11"]
[Board "83"]

1. e4 c5 2. Nc3 d6 3. f4 Nc6 4. Nf3 Bd7 5. Bc4 g6 6. f5 gxf5 7. d3 Bg7 8. O-O Nf6 9. Qe1 Qc7 10. Ng5 Ne5 11. exf5 Nxc4 12. dxc4 O-O 13. Qh4 Qc8 14. Nd5 Re8 15. Nxf6+ exf6 16. Nxh7 Qd8 17. Bd2 Re5 18. Bc3 Rxf5 19. Rxf5 Bxf5 20. Nxf6+ Kf8 21. Rf1 Bg6 22. Nh7+ Kg8 23. Nf6+ Kf8 24. Qf4 a6 25. Rd1 Qe7 26. Qxd6 Bxc2 27. Nd7+ Ke8 28. Re1 Bd4+ 29. Kh1 Be4 30. Qxe7+ Kxe7 31. Bxd4 cxd4 32. Nb6 Rd8 33. Rxe4+ Kf6 34. Nd5+ Kf5 35. Rxd4 Ke6 36. Nf4+ 1-0


[Site "https://www.chess.com"]

[Event "Titled Tuesday Blitz June 27 Late 2023"]
[White "Bernado Lopez, Roger"]
[Black "Kavutskiy, Konstantin"]
[WhiteFideId "24585009"]
[BlackFideId "2026384"]
[WhiteElo "2349"]
[BlackElo "2637"]
[Result "1-0"]
[Round "4"]
[TimeControl "180+2"]
[Date "2023.06.27"]
[WhiteClock "0:00:32"]
[BlackClock "0:00:17"]
[Board "84"]

1. e4 c5 2. Nf3 Nc6 3. d4 cxd4 4. Nxd4 Nf6 5. Nc3 e5 6. Ndb5 d6 7. Nd5 Nxd5 8. exd5 Ne7 9. c4 Ng6 10. Qa4 Bd7 11. Qb4 Qb8 12. Be3 a6 13. Nc3 a5 14. Qa3 Be7 15. g3 O-O 16. h4 f5 17. h5 Nh8 18. O-O-O Nf7 19. Kb1 Rc8 20. Na4 Bxa4 21. Qxa4 Bg5 22. f4 Bf6 23. Qd7 exf4 24. gxf4 Re8 25. Bb6 Ra6 26. c5 dxc5 27. Bxa6 bxa6 28. Qc7 Qa8 29. Rhe1 Rb8 30. d6 Rb7 31. Qxb7 Qf8 32. d7 Nd8 33. Bxd8 1-0


[Site "https://www.chess.com"]

[Event "Titled Tuesday Blitz June 27 Late 2023"]
[White "Taranenko, Evgueniy"]
[Black "cafu1950"]
[WhiteFideId "14122138"]
[WhiteElo "2304"]
[BlackElo "2633"]
[Result "1/2-1/2"]
[Round "4"]
[TimeControl "180+2"]
[Date "2023.06.27"]
[WhiteClock "0:00:20"]
[BlackClock "0:00:16"]
[Board "85"]

1. e4 e6 2. d4 d5 3. Nc3 Nf6 4. e5 Nfd7 5. f4 c5 6. Nf3 Nc6 7. Be3 cxd4 8. Nxd4 Qb6 9. Qd2 Qxb2 10. Rb1 Qa3 11. Ndb5 Qa5 12. Nxd5 Qxd2+ 13. Kxd2 exd5 14. Nc7+ Kd8 15. Nxa8 d4 16. Bf2 Bb4+ 17. Kd1 Nc5 18. Bxd4 Nxd4 19. Rxb4 Nc6 20. Rb1 Be6 21. Kc1 Kc8 22. Bb5 Ne7 23. g4 Bxg4 24. Rg1 h5 25. Bc4 Ne6 26. h3 Bxh3 27. Rg3 Nxf4 28. Rxg7 Be6 29. Bxe6+ Nxe6 30. Rxf7 Re8 31. Rh7 Kb8 32. Nb6 axb6 33. Rxb6 Nd8 34. Rxh5 Nec6 35. Rb5 Nd4 36. Rc5 N8c6 37. Rh7 Ka7 38. c3 Ne2+ 39. Kd2 Kb6 40. Rxc6+ bxc6 41. Kxe2 Rxe5+ 42. Kd3 Ra5 43. Rh2 Ra4 44. Rb2+ Kc5 45. Rg2 Ra7 46. Rg5+ Kb6 47. Rg2 Kc5 48. Rb2 Ra4 49. Kc2 Ra3 50. Kd3 Ra4 1/2-1/2


[Site "https://www.chess.com"]

[Event "Titled Tuesday Blitz June 27 Late 2023"]
[White "Moral Garcia, Serafin"]
[Black "Coelho, Ramyres Santana"]
[WhiteFideId "2201925"]
[BlackFideId "2120690"]
[WhiteElo "2628"]
[BlackElo "2304"]
[Result "0-1"]
[Round "4"]
[TimeControl "180+2"]
[Date "2023.06.27"]
[WhiteClock "0:00:14"]
[BlackClock "0:00:17"]
[Board "86"]

1. c4 Nf6 2. Nc3 g6 3. g3 d6 4. Bg2 Bg7 5. Rb1 O-O 6. b4 e5 7. d3 Nc6 8. Nf3 Nd4 9. Nxd4 exd4 10. Ne4 Nxe4 11. Bxe4 Re8 12. O-O h5 13. Bf4 h4 14. Qd2 h3 15. a4 c6 16. b5 d5 17. Bf3 f6 18. Bh6 g5 19. Bxg7 Kxg7 20. c5 Qe7 21. Rfc1 g4 22. Bh1 Qxe2 23. Qf4 Qxd3 24. bxc6 bxc6 25. Qc7+ Kg6 26. Qxc6 Bf5 27. Qxd5 Rad8 28. Qa2 Re2 29. Qa1 Rde8 30. c6 Qd2 31. Rf1 Bxb1 32. Qxb1+ d3 33. c7 Rxf2 34. Rxf2 Re1+ 35. Qxe1 Qxe1+ 36. Rf1 Qe3+ 37. Rf2 d2 38. Be4+ Qxe4 39. c8=Q d1=Q+ 40. Rf1 Qg2# 0-1


[Site "https://www.chess.com"]

[Event "Titled Tuesday Blitz June 27 Late 2023"]
[White "Skaric, Djuro"]
[Black "Antipov, Mikhail Al."]
[WhiteFideId "934569"]
[BlackFideId "4107012"]
[WhiteElo "2340"]
[BlackElo "2905"]
[Result "0-1"]
[Round "4"]
[TimeControl "180+2"]
[Date "2023.06.27"]
[WhiteClock "0:01:21"]
[BlackClock "0:02:33"]
[Board "87"]

1. g3 g6 2. Bg2 Bg7 3. d3 d5 4. Nf3 Nf6 5. O-O O-O 6. Nc3 c5 7. e4 dxe4 8. dxe4 Nc6 9. h3 a6 10. Be3 Nd7 11. Nd2 b5 12. f4 b4 13. Ne2 Bb7 14. e5 Qc7 15. Nc4 Rad8 16. Qe1 a5 17. Qf2 Ba6 18. b3 Bxc4 19. bxc4 Nb6 20. Bxc5 Nxc4 21. Nd4 Nxd4 22. Bxd4 e6 23. Rad1 Rd7 24. c3 Rfd8 25. Rc1 Bf8 26. Rfd1 bxc3 27. Rxc3 Rxd4 28. Rxd4 Rxd4 29. Qxd4 Bc5 30. Rxc4 Bxd4+ 31. Rxd4 Qc5 0-1


[Site "https://www.chess.com"]

[Event "Titled Tuesday Blitz June 27 Late 2023"]
[White "Mekhitarian, Krikor Sevag"]
[Black "Czerw, Dawid"]
[WhiteFideId "2107660"]
[BlackFideId "1145746"]
[WhiteElo "2855"]
[BlackElo "2501"]
[Result "1-0"]
[Round "4"]
[TimeControl "180+2"]
[Date "2023.06.27"]
[WhiteClock "0:00:45"]
[BlackClock "0:00:01"]
[Board "88"]

1. Nf3 Nf6 2. c4 c6 3. d4 d5 4. e3 a6 5. Bd3 b5 6. b3 Bg4 7. h3 Bh5 8. g4 Bg6 9. Ne5 Nfd7 10. Nxg6 hxg6 11. Kf1 e5 12. cxd5 cxd5 13. dxe5 Nxe5 14. Be2 Nbc6 15. Bb2 Bc5 16. Nd2 Qe7 17. Rc1 Rc8 18. Nf3 O-O 19. Nxe5 Nxe5 20. Qxd5 Bd6 21. Kg2 g5 22. Rxc8 Rxc8 23. Rd1 Bb8 24. Qe4 Qc7 25. Rc1 Nc6 26. Bf3 Qh2+ 27. Kf1 Rd8 28. Qxc6 Rd2 29. Qe8+ Kh7 30. Be4+ g6 31. Qh8# 1-0


[Site "https://www.chess.com"]

[Event "Titled Tuesday Blitz June 27 Late 2023"]
[White "Fernandez, Daniel"]
[Black "Womacka, Mathias"]
[WhiteFideId "2015390"]
[BlackFideId "4611390"]
[WhiteElo "2711"]
[BlackElo "2501"]
[Result "1/2-1/2"]
[Round "4"]
[TimeControl "180+2"]
[Date "2023.06.27"]
[WhiteClock "0:00:04"]
[BlackClock "0:00:18"]
[Board "89"]

1. Nf3 c5 2. Nc3 d5 3. d4 cxd4 4. Qxd4 Nf6 5. e4 Nc6 6. Bb5 Bd7 7. Bxc6 Bxc6 8. e5 Ne4 9. e6 fxe6 10. Ne5 Qb6 11. Qxb6 axb6 12. Nxe4 dxe4 13. Be3 g6 14. Bxb6 Bg7 15. Bd4 O-O 16. Nxc6 bxc6 17. Bxg7 Kxg7 18. Ke2 Rf5 19. a4 Rfa5 20. b3 Kf6 21. Ke3 Ke5 22. Rhd1 Rd5 23. c4 Rd6 24. f4+ exf3 25. gxf3 Rb8 26. f4+ Kf5 27. Rxd6 exd6 28. Ra3 c5 29. a5 Ra8 30. a6 Ra7 31. Ra1 d5 32. Kf3 h6 33. h4 g5 34. fxg5 hxg5 35. h5 g4+ 36. Kg3 Kg5 37. h6 Kxh6 38. Kxg4 Kg6 39. Ra5 Kf6 40. Kf4 dxc4 41. bxc4 Ke7 42. Ke5 Kd7 43. Rxc5 Rxa6 44. Rb5 Ra1 45. Rb6 Kc7 46. c5 Rc1 47. Kd4 e5+ 48. Kd5 e4 49. Re6 Rd1+ 50. Kc4 Rc1+ 51. Kb5 Rb1+ 52. Ka4 Rc1 53. Kb4 Rb1+ 54. Ka3 Rc1 55. Kb4 Rb1+ 56. Kc4 Rc1+ 57. Kd4 Rd1+ 58. Ke3 Rc1 59. Kd4 Rd1+ 60. Kxe4 Re1+ 61. Kd5 Rxe6 62. Kxe6 Kc6 63. Ke5 Kxc5 1/2-1/2


[Site "https://www.chess.com"]

[Event "Titled Tuesday Blitz June 27 Late 2023"]
[White "Rengifo Blancas, Renzo Jhonathan"]
[Black "Hambleton, Aman"]
[WhiteFideId "3807185"]
[BlackFideId "2606577"]
[WhiteElo "2499"]
[BlackElo "2705"]
[Result "0-1"]
[Round "4"]
[TimeControl "180+2"]
[Date "2023.06.27"]
[WhiteClock "0:02:12"]
[BlackClock "0:00:44"]
[Board "90"]

1. e4 c6 2. d4 g6 3. Nc3 Nf6 4. f4 d5 5. e5 Nh5 6. Nf3 Bg4 7. Bd3 e6 8. O-O Ng7 9. h3 Bxf3 10. Qxf3 h5 11. Be3 h4 12. Bf2 Be7 13. Nd1 Nd7 14. c4 dxc4 15. Bxc4 Nb6 16. Bb3 Nf5 17. Qc3 Nd5 18. Qe1 Nxf4 19. Nc3 Nd3 20. Qe4 Nxf2 21. Rxf2 Qxd4 22. Qe2 Bc5 23. Nd1 Ng3 24. Qc2 Ne4 25. Kf1 Nxf2 26. Nxf2 Qxf2+ 27. Qxf2 Bxf2 28. Kxf2 Rd8 29. Ke3 Rh5 30. Ke4 Rd2 31. Rf1 Rxg2 32. Kd4 Rd2+ 33. Kc5 Rxe5+ 34. Kb4 Rd4+ 35. Ka3 Ra5+ 36. Ba4 Raxa4+ 37. Kb3 Rab4+ 38. Ka3 Rb5 39. b4 a5 40. Rxf7 Kxf7 41. Ka4 Rdxb4+ 42. Ka3 Rb1 43. Ka4 Rd5 44. a3 Rb4+ 45. axb4 axb4 46. Kb3 b6 47. Kc4 Kf6 48. Kb3 Rd4 49. Ka4 Kf5 50. Kb3 b5 51. Kc2 c5 52. Kb3 e5 53. Ka2 Kf4 54. Kb3 Kg3 0-1


[Site "https://www.chess.com"]

[Event "Titled Tuesday Blitz June 27 Late 2023"]
[White "Mirzoev, Azer"]
[Black "Yeritsyan, Hayk"]
[WhiteFideId "13400304"]
[BlackFideId "13307320"]
[WhiteElo "2678"]
[BlackElo "2495"]
[Result "1-0"]
[Round "4"]
[TimeControl "180+2"]
[Date "2023.06.27"]
[WhiteClock "0:01:02"]
[BlackClock "0:00:10"]
[Board "91"]

1. c4 c6 2. e4 e5 3. d4 d6 4. Nc3 Nf6 5. f4 exd4 6. Qxd4 Be7 7. Nf3 O-O 8. Be3 Nbd7 9. O-O-O Qc7 10. Kb1 Nc5 11. h3 Re8 12. Nd2 Bf8 13. g4 Ne6 14. Qd3 Nc5 15. Qc2 Qa5 16. Bg2 Rb8 17. g5 Nh5 18. Bf3 g6 19. Bxh5 gxh5 20. Nb3 Nxb3 21. axb3 Bg7 22. Bd4 Bf8 23. f5 Bd7 24. Rhg1 Rbd8 25. g6 fxg6 26. fxg6 hxg6 27. Rxg6+ Kh7 28. Qg2 Bh6 29. Rxh6+ Kxh6 30. Qg7# 1-0


[Site "https://www.chess.com"]

[Event "Titled Tuesday Blitz June 27 Late 2023"]
[White "Veiga, Jose Francisco R P Neves"]
[Black "Kielinkei"]
[WhiteFideId "1930087"]
[WhiteElo "2667"]
[BlackElo "2467"]
[Result "1-0"]
[Round "4"]
[TimeControl "180+2"]
[Date "2023.06.27"]
[WhiteClock "0:00:29"]
[BlackClock "0:00:06"]
[Board "92"]

1. c4 e5 2. Nc3 Nc6 3. Nf3 Nf6 4. e4 g6 5. d4 exd4 6. Nxd4 Bg7 7. Nxc6 bxc6 8. Be2 d6 9. O-O O-O 10. Qc2 Re8 11. Bf4 Ng4 12. Rfd1 Qe7 13. f3 Be5 14. Bxe5 Nxe5 15. f4 Ng4 16. Bxg4 Bxg4 17. Re1 Be6 18. b3 Qf6 19. Rf1 Rad8 20. Rae1 Qd4+ 21. Kh1 f6 22. Rd1 Qc5 23. Qd2 Bf7 24. Rf3 Qb4 25. Rd3 Re7 26. Nd5 Qxd2 27. Nxe7+ Kf8 28. Nxg6+ hxg6 29. R1xd2 Ke7 30. Kg1 a5 31. Kf2 Ra8 32. e5 fxe5 33. fxe5 d5 34. cxd5 cxd5 35. Rc2 Kd7 36. Rdc3 Ra7 37. Ke3 Be6 38. Kd4 a4 39. b4 a3 40. Rc6 Bf5 41. R2c3 Rb7 42. Kxd5 Bb1 43. e6+ Kd8 44. e7+ Kxe7 45. Rxc7+ Rxc7 46. Rxc7+ Kf6 47. Ra7 Bxa2+ 48. Kd6 Bb1 49. Rxa3 Be4 50. g3 g5 51. b5 g4 52. b6 Kg7 53. b7 Bg6 54. b8=Q Kh7 55. Qf8 Bf7 56. Qxf7+ Kh8 57. Ra8# 1-0


[Site "https://www.chess.com"]

[Event "Titled Tuesday Blitz June 27 Late 2023"]
[White "Antonica, Dragos-Andrei"]
[Black "Remolar Gallen, Jose"]
[WhiteFideId "1246372"]
[BlackFideId "2215187"]
[WhiteElo "2665"]
[BlackElo "2455"]
[Result "1-0"]
[Round "4"]
[TimeControl "180+2"]
[Date "2023.06.27"]
[WhiteClock "0:02:00"]
[BlackClock "0:01:07"]
[Board "93"]

1. d4 Nf6 2. Nf3 g6 3. Bg5 Bg7 4. Nbd2 h6 5. Bh4 d5 6. e3 Bf5 7. Ne5 Nbd7 8. f4 O-O 9. Bd3 Bxd3 10. cxd3 c5 11. O-O Qb6 12. dxc5 Nxc5 13. d4 Nce4 14. Nxe4 Nxe4 15. Bxe7 Rfe8 16. Ba3 Rac8 17. Rc1 Bf8 18. Nd7 1-0


[Site "https://www.chess.com"]

[Event "Titled Tuesday Blitz June 27 Late 2023"]
[White "Lowinger, Daniel"]
[Black "Janaszak, Dawid"]
[WhiteFideId "2005557"]
[BlackFideId "1119206"]
[WhiteElo "2395"]
[BlackElo "2570"]
[Result "0-1"]
[Round "4"]
[TimeControl "180+2"]
[Date "2023.06.27"]
[WhiteClock "0:00:04"]
[BlackClock "0:01:50"]
[Board "94"]

1. e4 c5 2. Nf3 Nc6 3. d4 cxd4 4. Nxd4 g6 5. Nc3 Bg7 6. Be3 Nf6 7. Nxc6 bxc6 8. e5 Ng8 9. f4 Nh6 10. g4 Rb8 11. Rb1 d6 12. h3 O-O 13. Bg2 Ba6 14. Bxa7 Rb4 15. Qd2 Qc7 16. Bd4 dxe5 17. fxe5 Rxd4 18. Qxd4 Bxe5 19. Qe3 Bg3+ 20. Kd1 Bf4 21. Qe4 Rd8+ 0-1


[Site "https://www.chess.com"]

[Event "Titled Tuesday Blitz June 27 Late 2023"]
[White "David, Bogdan-Emanuel"]
[Black "Prydun, Andriy"]
[WhiteFideId "1229907"]
[BlackFideId "14145898"]
[WhiteElo "2564"]
[BlackElo "2389"]
[Result "1/2-1/2"]
[Round "4"]
[TimeControl "180+2"]
[Date "2023.06.27"]
[WhiteClock "0:00:18"]
[BlackClock "0:00:05"]
[Board "95"]

1. e4 c5 2. Nc3 d6 3. f4 g6 4. Nf3 Bg7 5. Bb5+ Bd7 6. Bc4 Nc6 7. O-O e6 8. d3 Nge7 9. Qe1 O-O 10. f5 exf5 11. Bg5 h6 12. Bf4 g5 13. Bxd6 f4 14. Bxc5 Re8 15. h4 Ng6 16. hxg5 hxg5 17. Ba3 g4 18. Nd2 Nce5 19. Bb3 Qg5 20. Nd5 g3 21. Rf3 Qh5 22. Kf1 Nxf3 23. Nxf3 Bh3 24. Qe2 Bg4 25. Ke1 Qh1+ 26. Qf1 Qh5 27. Nc7 Bxf3 28. Qxf3 Qxf3 29. gxf3 Nh4 30. Nxa8 Nxf3+ 31. Ke2 Nd4+ 32. Kf1 Rxa8 33. Bd5 Rc8 34. c3 Nc2 35. Rc1 Nxa3 36. bxa3 Rxc3 37. Rxc3 Bxc3 38. Bxb7 f3 39. e5 f2 40. Kg2 Bxe5 41. Bf3 Kf8 42. Bd5 Ke7 43. a4 f6 44. Be4 Kd6 45. Bf3 Kc5 46. Be2 Kb4 47. d4 Bxd4 48. Kxg3 Kxa4 49. Kg2 Ka3 50. Bc4 Kb2 51. Kf1 Kc2 52. Bg8 Kd2 53. Bf7 f5 54. Bg8 Ke3 55. Bf7 Kf4 56. Bg8 Kg3 57. Bf7 Kf4 58. Bg8 1/2-1/2


[Site "https://www.chess.com"]

[Event "Titled Tuesday Blitz June 27 Late 2023"]
[White "Ladron De Guevara Pinto, Paolo"]
[Black "Andersson, Bjorn 1971"]
[WhiteFideId "2290847"]
[BlackFideId "1702114"]
[WhiteElo "2550"]
[BlackElo "2343"]
[Result "1-0"]
[Round "4"]
[TimeControl "180+2"]
[Date "2023.06.27"]
[WhiteClock "0:00:04"]
[BlackClock "0:00:00"]
[Board "96"]

1. e4 c5 2. Nf3 Nc6 3. d3 g6 4. g3 Bg7 5. Bg2 d6 6. O-O Bd7 7. c3 Qc8 8. Re1 Bh3 9. Bh1 h5 10. Be3 h4 11. Nxh4 Rxh4 12. gxh4 Ne5 13. f4 Bg4 14. Qd2 Nf3+ 15. Bxf3 Bxf3 16. Qf2 Qg4+ 17. Qg3 Qh5 18. Nd2 Be2 19. Bf2 Nh6 20. h3 Bf6 21. Qe3 Bxh4 22. Rxe2 Bxf2+ 23. Rxf2 O-O-O 24. Qf3 Qh4 25. Kf1 f5 26. Ke2 e5 27. Rg1 Rg8 28. fxe5 dxe5 29. exf5 g5 30. f6 Kb8 31. Ne4 Nf7 32. Qg4 Qh7 33. Qe6 a6 34. c4 Rd8 35. Qb6 Ka8 36. Nxc5 Rb8 37. Nxa6 Rg8 38. Nc5 Qh5+ 39. Rg4 Nd8 40. Nd7 Nc6 41. Nc5 Nd8 42. f7 Rf8 43. Nd7 Nc6 44. Nxf8 Qxh3 45. Re4 1-0


[Site "https://www.chess.com"]

[Event "Titled Tuesday Blitz June 27 Late 2023"]
[White "Krishnan, Varun"]
[Black "Quirke, Jeffrey"]
[WhiteFideId "5054508"]
[BlackFideId "2013029"]
[WhiteElo "2536"]
[BlackElo "2248"]
[Result "1/2-1/2"]
[Round "4"]
[TimeControl "180+2"]
[Date "2023.06.27"]
[WhiteClock "0:00:28"]
[BlackClock "0:00:12"]
[Board "97"]

1. g3 c5 2. e4 Nc6 3. Bg2 g6 4. Ne2 Bg7 5. c3 e5 6. O-O Nge7 7. a3 a5 8. a4 O-O 9. Na3 d5 10. exd5 Nxd5 11. Nb5 Be6 12. d4 cxd4 13. cxd4 exd4 14. Nexd4 Nxd4 15. Nxd4 Bc8 16. Nb5 Be6 17. Qe2 Qb6 18. Rd1 Nb4 19. Be3 Qa6 20. Rd6 Nc6 21. Rc1 Rac8 22. Bf4 Nd4 23. Nxd4 Rxc1+ 24. Bxc1 Qxd6 25. Nxe6 Qxe6 26. Be3 Qb3 27. h4 Qxb2 28. Qc4 Qb4 29. Qc7 Qxa4 30. Qxb7 Qa1+ 31. Kh2 a4 32. Bd5 Qf6 33. Qa7 Re8 34. Qxa4 Rxe3 35. fxe3 Qf2+ 36. Bg2 Bf6 37. Qa8+ Kg7 38. Qf3 Qxf3 39. Bxf3 Be5 40. e4 h5 41. Kg2 Kf6 42. Bd1 Ke7 43. Kf3 Bd6 44. Bb3 Be5 45. Bc4 f6 46. Bd5 Kd6 47. Bb3 g5 48. Bf7 gxh4 49. gxh4 Ke7 50. Bxh5 Kf8 51. Bg6 Kg7 52. h5 Kh6 53. Kg4 Bc3 54. Kf5 Be5 55. Be8 Bd4 56. Kg4 Bc3 57. Bd7 Bd4 58. Bc6 Bc3 59. Bb5 Bd4 60. Ba4 Bc3 61. Bb3 Bd4 62. Bc2 Bc3 63. Bd1 Be5 64. Be2 Bc3 65. Bd3 Be5 66. Bc4 Bd4 67. Bd5 Be5 68. Be6 Bd4 69. Bf7 Be5 70. Bg6 Bd4 71. Kf3 Be5 72. Ke3 Bb2 73. Kf3 Be5 1/2-1/2


[Site "https://www.chess.com"]

[Event "Titled Tuesday Blitz June 27 Late 2023"]
[White "Tologon tegin, Semetei"]
[Black "Bazzano, Sebastian"]
[WhiteFideId "13800574"]
[BlackFideId "104566"]
[WhiteElo "2535"]
[BlackElo "2225"]
[Result "1-0"]
[Round "4"]
[TimeControl "180+2"]
[Date "2023.06.27"]
[WhiteClock "0:01:36"]
[BlackClock "0:00:02"]
[Board "98"]

1. g3 Nf6 2. Bg2 g6 3. e4 d6 4. d4 Bg7 5. Nc3 O-O 6. Nge2 e5 7. h3 exd4 8. Nxd4 Nc6 9. Be3 Nxd4 10. Bxd4 a6 11. a4 Rb8 12. a5 Bd7 13. O-O Bc6 14. Re1 Re8 15. Qd3 Nd7 16. Bxg7 Kxg7 17. f4 Kg8 18. Rad1 Nc5 19. Qc4 Ne6 20. e5 Bxg2 21. Kxg2 Qc8 22. Ne4 Rf8 23. Nf6+ Kg7 24. Qc3 d5 25. Rxd5 c6 26. Rd7 b6 27. f5 gxf5 28. Qf3 Rb7 29. Qxf5 Rxd7 30. Qxh7# 1-0


[Site "https://www.chess.com"]

[Event "Titled Tuesday Blitz June 27 Late 2023"]
[White "StiffMaster1"]
[Black "Palacio,Igor Da Paz"]
[BlackFideId "2121140"]
[WhiteElo "2521"]
[BlackElo "2223"]
[Result "0-1"]
[Round "4"]
[TimeControl "180+2"]
[Date "2023.06.27"]
[WhiteClock "0:00:04"]
[BlackClock "0:00:09"]
[Board "99"]

1. Nf3 Nf6 2. g3 g6 3. Bg2 Bg7 4. O-O O-O 5. d3 d6 6. Nbd2 Nbd7 7. e4 e5 8. c3 Nc5 9. Qc2 Re8 10. b4 Ne6 11. a4 h6 12. a5 a6 13. Bb2 Ng5 14. Ne1 Nh3+ 15. Kh1 g5 16. f3 h5 17. d4 h4 18. dxe5 dxe5 19. Nd3 Kh7 20. Nf2 Nxf2+ 21. Rxf2 hxg3 22. hxg3 Rh8 23. Nc4 Kg8+ 24. Kg1 Nh5 25. Rd2 Qe7 26. Kf2 g4 27. Ne3 Nxg3 28. Qd3 Be6 29. fxg4 Qh4 30. Kf3 Rh6 31. Nf5 Bxf5 32. Rh1 Qxg4+ 33. Kf2 Qf4+ 34. Ke1 Nxh1 35. exf5 Ng3 36. Kd1 e4 37. Qd5 Nxf5 38. Bxe4 Ne3+ 39. Kc1 Nxd5 40. Bxd5 Qxd2+ 41. Kxd2 Rh2+ 42. Kc1 Rd8 43. Bxb7 Bh6+ 44. Kb1 Rd6 45. c4 Rxb2+ 46. Kxb2 Bg7+ 47. Kb3 Rh6 48. b5 axb5 49. cxb5 Bd4 50. Kc4 Ba7 51. Bd5 Kf8 52. b6 cxb6 53. a6 Ke7 54. Kb5 Kd6 55. Bxf7 Rf6 56. Bc4 Kc7 57. Be2 Rf5+ 58. Kb4 Ra5 59. Bb5 Ra1 60. Kc4 Rc1+ 61. Kb4 Rc5 62. Ka4 Rxb5 63. Kxb5 Kd6 64. Kb4 Kc6 65. Kc4 b5+ 66. Kb4 Kb6 67. Kb3 Kxa6 68. Kc3 Ka5 69. Kb3 b4 70. Kc2 Ka4 71. Kb2 b3 0-1


[Site "https://www.chess.com"]

[Event "Titled Tuesday Blitz June 27 Late 2023"]
[White "Ladan, Nicholas"]
[Black "Maksimovic, Bojan"]
[WhiteFideId "30918855"]
[BlackFideId "14408120"]
[WhiteElo "2424"]
[BlackElo "2765"]
[Result "0-1"]
[Round "4"]
[TimeControl "180+2"]
[Date "2023.06.27"]
[WhiteClock "0:00:03"]
[BlackClock "0:00:14"]
[Board "100"]

1. e3 g6 2. h4 Bg7 3. h5 Nf6 4. h6 Bf8 5. Nc3 d6 6. d4 Nbd7 7. Nf3 e6 8. Bc4 Be7 9. e4 Nxe4 10. Nxe4 d5 11. Bd3 dxe4 12. Bxe4 O-O 13. Bf4 Nf6 14. Bd3 c5 15. dxc5 Bxc5 16. Qe2 Nd5 17. Be5 Bd7 18. Bg7 Re8 19. Ne5 Nf4 20. Qf3 Nxd3+ 21. cxd3 Qe7 22. Bf6 Qd6 23. Nxf7 Bb4+ 24. Kf1 Qd5 25. Ne5 Bc6 26. Qxd5 Bxd5 27. Nxg6 Kf7 28. Rh4 Kxg6 29. Be5 Be7 30. Rf4 Bg5 31. Rb4 Rf8 32. g4 Bxh6 33. Ke2 Rac8 34. Bc3 Bg7 35. Rh1 Bxc3 36. bxc3 Bxh1 37. g5 Bf3+ 38. Ke3 Rf5 39. Rxb7 Bc6 40. Rxa7 Re5+ 41. Kd2 Rxg5 42. f4 Rf5 43. Ke3 h5 44. Re7 Rf6 45. c4 Ra8 46. a4 Bxa4 47. Kd4 Bc2 48. Ke5 Bxd3 49. c5 Bf5 50. c6 Rd8 51. c7 Rd5# 0-1


[Site "https://www.chess.com"]

[Event "Titled Tuesday Blitz June 27 Late 2023"]
[White "Boyer, Mahel"]
[Black "Hoffmann, Asa"]
[WhiteFideId "45102422"]
[BlackFideId "2001470"]
[WhiteElo "2682"]
[BlackElo "2418"]
[Result "1-0"]
[Round "4"]
[TimeControl "180+2"]
[Date "2023.06.27"]
[WhiteClock "0:00:27"]
[BlackClock "0:00:00"]
[Board "101"]

1. g3 d6 2. Bg2 c6 3. Nf3 e5 4. O-O Nf6 5. e4 Be7 6. d4 Qc7 7. Re1 Nbd7 8. b3 Nf8 9. Bb2 Ng6 10. Nbd2 O-O 11. a4 a5 12. h4 Bg4 13. Nc4 Nd7 14. Ne3 Bxf3 15. Qxf3 exd4 16. Bxd4 Nde5 17. Qe2 Bf6 18. Rad1 Rad8 19. h5 Ne7 20. Qd2 Nd7 21. h6 Bxd4 22. Qxd4 f6 23. hxg7 Kxg7 24. Qxd6 Qxd6 25. Rxd6 Nc5 26. Red1 Rxd6 27. Rxd6 b5 28. axb5 cxb5 29. Rb6 a4 30. Rxb5 Ne6 31. Rb7 Rf7 32. bxa4 Nc5 33. Rxe7 Rxe7 34. Nf5+ Kf7 35. Nxe7 Kxe7 36. a5 Kd6 37. f3 Kc7 38. Bf1 Ne6 39. c3 h5 40. Bc4 Ng5 41. Kg2 Nh7 42. Bd5 Nf8 43. a6 Kb6 44. Bb7 Nd7 45. Kh3 Ne5 46. Kh4 Nxf3+ 47. Kxh5 1-0


[Site "https://www.chess.com"]

[Event "Titled Tuesday Blitz June 27 Late 2023"]
[White "Nunez V, Gustavo Eduardo"]
[Black "Goryachkina, Aleksandra"]
[WhiteFideId "4403690"]
[BlackFideId "4147103"]
[WhiteElo "2416"]
[BlackElo "2658"]
[Result "0-1"]
[Round "4"]
[TimeControl "180+2"]
[Date "2023.06.27"]
[WhiteClock "0:01:05"]
[BlackClock "0:00:36"]
[Board "102"]

1. e4 c6 2. d3 d5 3. Nd2 g6 4. g3 Bg7 5. Bg2 e5 6. Ne2 Ne7 7. O-O O-O 8. f4 dxe4 9. Nxe4 f5 10. N4c3 Nd7 11. h3 Kh8 12. Kh2 exf4 13. Bxf4 Nf6 14. Qd2 Be6 15. Bh6 Qd6 16. Bxg7+ Kxg7 17. Nf4 Bg8 18. Rae1 Rae8 19. Rf2 Nc8 20. Rfe2 Rxe2 21. Rxe2 g5 22. Ne6+ Bxe6 23. Qxg5+ Kf7 24. Re3 Rg8 25. Qh4 Ne7 26. Ne2 Ng6 27. Qh6 Qf8 28. Qxf8+ Rxf8 29. Nd4 Re8 30. c4 Bd7 31. Rf3 Ne5 32. Rf1 Nxd3 33. Rd1 Ne5 34. c5 Bc8 35. Rf1 Kg6 36. b4 Nd3 37. b5 cxb5 38. c6 bxc6 39. Bxc6 Rd8 40. Nxb5 a6 41. Nc3 Ne5 42. Bg2 Rd2 43. Kg1 Rc2 44. Na4 Rxa2 45. Nc5 Rc2 46. Nb3 Rc3 47. Nd4 Rxg3 48. Re1 Nd3 49. Rf1 Bb7 50. Nf3 Bxf3 51. Rxf3 Rxg2+ 52. Kxg2 Ne1+ 53. Kf2 Nxf3 54. Kxf3 Kg5 55. Kg3 f4+ 56. Kf3 Kf5 57. h4 a5 58. Ke2 a4 59. Kd3 a3 60. Kc3 f3 61. Kb3 f2 62. Kxa3 f1=Q 63. Kb3 Qc1 64. h5 Ke4 65. h6 Kd4 66. Kb4 Qb1+ 67. Ka5 Kc5 68. Ka6 Qb6# 0-1


[Site "https://www.chess.com"]